AoeStats
← Nessy

Coastal Forest

510287609Analyzed
3v3 RM · 3d ago on Sep 30, 2026· 29m 12s· 6 players
Game mode
Random Map
Map size
Normal (6 player)
Population
200
Speed
Normal
Resources
Standard
Victory
Conquest
Starting age
Dark Age
Ending age
Imperial Age
RankedLock teamsTeams togetherTeam positionsShared explorationLock speedFull tech treeHidden civsTurbo modeCheats
Victory
Defeat
🇦🇺 Saxons · Australia
1552
+8
🇦🇺 Danes · Australia
1436
+12
🇦🇺 Saxons · Australia
1433
+12
🇪🇪 Mongols · Estonia
1393
-12
🇭🇰 Varangians · Hong Kong SAR China
1339
-10
🇭🇰 Poles · Hong Kong SAR China
1328
-10
Enn Tore
9:44 Feudal Age
9:05 Loom
10:27 Double-Bit Axe
16:36 Castle Age
16:37 Scale Barding Armor
16:44 Forging
16:25 Fishing Lines
17:17 Bloodlines
16:58 Pikeman
23:21 Husbandry
25:27 Chain Barding Armor
29:32 Iron Casting
poor guy
11:01 Feudal Age
11:38 Double-Bit Axe
15:05 Loom
16:23 Horse Collar
26:31 Castle Age
AI (HD Version)
7:25 Loom
9:47 Feudal Age
9:48 Man-at-Arms
13:55 Double-Bit Axe
18:19 Fishing Lines
23:47 Castle Age
22:57 Gold Mining
24:39 Bloodlines
27:50 Scale Barding Armor
28:43 Bow Saw
TDI
6:52 Loom
9:19 Feudal Age
10:25 Double-Bit Axe
10:52 Town Watch
10:54 Fishing Lines
14:05 Scale Barding Armor
15:58 Forging
16:49 Wheelbarrow
19:27 Bloodlines
20:03 Gold Mining
22:34 Castle Age
23:18 Husbandry
23:39 Chain Barding Armor
22:43 Light Cavalry
24:09 Bow Saw
27:40 Gillnets
Nessy
6:35 Loom
9:07 Feudal Age
10:00 Double-Bit Axe
13:15 Fletching
21:18 Castle Age
20:10 Gold Mining
20:38 Horse Collar
22:13 Bodkin Arrow
21:39 Crossbowman
22:55 Bow Saw
22:31 Fishing Lines
28:36 Wheelbarrow
31:18 Imperial Age
29:11 Ballistics
29:54 Hand Cart
SlateRS
6:42 Loom
8:47 Feudal Age
7:07 Loom
14:11 Fletching
23:03 Castle Age
22:56 Double-Bit Axe
22:55 Horse Collar
23:06 Gold Mining
23:39 Bodkin Arrow
23:24 Crossbowman
25:22 Ballistics
27:26 Thumb Ring
Connection lost

Rejoining the realm…

Still unreachable

The connection could not be restored.

Session expired

The server has moved on; the page needs a fresh start.